 Dungeon Crawl Stone Soup version 0.23.2-1-ga50397a6bc (webtiles) character file.

Game seed: 15060704506701949129

1143 Andrea the Charmwright (level 8, -5/63 HPs)
             Began as a Gnoll Skald on May 7, 2019.
             Was a Priest of Cheibriados.
             Slain by an orc warrior
             ... wielding a +0 flail
              (18 damage)
             ... on level 6 of the Dungeon.
             The game lasted 00:14:45 (5111 turns).

Andrea the Charmwright (Gnoll Skald)                Turns: 5111, Time: 00:14:45

Health: -5/63      AC:  8    Str: 24    XL:     8   Next: 37%
Magic:  11/17      EV: 16    Int: 23    God:    Cheibriados [***...]
Gold:   292        SH:  0    Dex: 23    Spells: 11/19 levels left

rFire    . . .     SeeInvis .   s - +1 flail
rCold    . . .     Gourm    .   (no shield)
rNeg     . . .     Faith    .   i - +0 ring mail
rPois    .         Spirit   .   (no helmet)
rElec    .         Reflect  .   w - +1 cloak
rCorr    .         Harm     .   (no gloves)
MR       .....                  (no boots)
Stlth    ++........             (no amulet)
HPRegen  1.20/turn              (no ring)
MPRegen  0.15/turn              (no ring)

@: about to teleport, infused (expiring), regenerating, very slow
A: distributed training, fangs 1, strong nose
a: Bend Time, Temporal Distortion, Renounce Religion


You were on level 6 of the Dungeon.
You worshipped Cheibriados.
Cheibriados was most pleased with you.
You were not hungry.

You visited 1 branch of the dungeon, and saw 6 of its levels.

You collected 292 gold pieces.

Inventory:

Hand Weapons
 s - a +1 flail (weapon)
Armour
 b - a +0 leather armour
 f - a +0 plate armour
 i - a +0 ring mail (worn)
 t - a +0 chain mail
 w - a +1 cloak (worn)
Magical Staves
 y - an uncursed staff of conjuration {unknown}
Jewellery
 a - an uncursed ring of protection from fire {unknown}
 c - a +3 ring of intelligence {unknown}
Wands
 q - a wand of disintegration (16)
 r - a wand of flame (13)
Scrolls
 e - 2 scrolls of fog
 k - a scroll of teleportation
 l - a scroll of amnesia {unknown}
 m - 2 scrolls of remove curse
 n - 2 scrolls of fear {unknown}
 p - 4 scrolls of identify {unknown}
 x - a scroll of blinking {unknown}
 A - a scroll of enchant armour {unknown}
Potions
 g - 4 potions of heal wounds
 h - 2 potions of curing {unknown}
 j - a potion of might {unknown}
 o - a potion of haste {unknown}
 u - a potion of lignification {unknown}
 v - a potion of ambrosia {unknown}
Comestibles
 d - 13 rations
 z - 4 chunks of flesh


   Skills:
 + Level 5.6 Fighting
 + Level 3.1 Short Blades
 + Level 3.1 Long Blades
 + Level 3.1 Axes
 + Level 5.6 Maces & Flails
 + Level 3.1 Polearms
 + Level 3.1 Staves
 + Level 3.1 Slings
 + Level 3.1 Bows
 + Level 3.1 Crossbows
 + Level 3.1 Throwing
 + Level 4.1 Armour
 + Level 5.6 Dodging
 + Level 3.1 Stealth
 + Level 3.1 Shields
 + Level 3.1 Unarmed Combat
 + Level 6.0 Spellcasting
 + Level 2.5 Conjurations
 + Level 2.5 Hexes
 + Level 6.1 Charms
 + Level 2.5 Summonings
 + Level 2.5 Necromancy
 + Level 2.5 Translocations
 + Level 2.5 Transmutations
 + Level 2.5 Fire Magic
 + Level 2.5 Ice Magic
 + Level 2.5 Air Magic
 + Level 2.5 Earth Magic
 + Level 2.5 Poison Magic
 + Level 3.5 Invocations
 + Level 3.1 Evocations


You had 11 spell levels left.
You knew the following spells:

 Your Spells              Type           Power        Failure   Level  Hunger
a - Infusion              Chrm           ####         1%          1    None
b - Shroud of Golubria    Chrm/Tloc      ####......   3%          2    None
c - Song of Slaying       Chrm           #####...     1%          2    None
d - Regeneration          Chrm/Necr      ####......   6%          3    #......

Your spell library contained the following spells:

 Spells                   Type           Power        Failure   Level  Hunger
 Magic Dart               Conj           ###.         4%          1    None
 Spectral Weapon          Hex/Chrm       ####....     6%          3    #......
 Blink                    Tloc           N/A          7%          2    None
 Call Imp                 Summ           ###.....     7%          2    None
 Slow                     Hex            ###.....     7%          2    None
 Conjure Flame            Conj/Fire      ###.....     14%         3    #......
 Mephitic Cloud           Conj/Pois/Air  ###.....     14%         3    #......


Dungeon Overview and Level Annotations

Branches:
Dungeon (6/15)             Temple (0/1) D:4

Altars:
Cheibriados
Elyvilon
Ru
Vehumet
Xom

Annotations:
D:5 Grinder


Innate Abilities, Weirdness & Mutations

Your experience applies equally to all skills.
You have very sharp teeth.
Your uncanny sense of smell can sniff out nearby items.


Message History

The orc warrior hits you with a +0 flail!
You hit the orc warrior.
The orc warrior is lightly wounded.
The orc warrior misses you.
You closely miss the orc warrior. Your bite misses the orc warrior.
The orc warrior is lightly wounded.
The orc warrior hits you with a +0 flail!
You hit the orc warrior.
The orc warrior is moderately wounded.
Your magical infusion is running out.
The orc warrior hits you with a +0 flail!
* * * LOW HITPOINT WARNING * * *
The orc wizard grunts repeatedly.
As you read the scroll of teleportation, it crumbles to dust.
You feel strangely unstable.
The orc warrior hits you with a +0 flail.
* * * LOW HITPOINT WARNING * * *
You fail to use your ability.
The orc warrior hits you with a +0 flail!!
You die...

...^..!.# ........#
...[....######
.....(.......##### ### ##
#.....))......... ... ...
#.(.....#....### .. ...
..#...#$#)...# ###.## #.#
###...#)...###....#######.###
#.......oo@................
#....#.....############....##.
.o####.##....## #.#.#...
#.###....# ####.#..... #..
##.#.## ##.......... ##..
#....####.>#........
#.##..#.#..............
#.............#........
##..###......##...(....


You could see an orc warrior and an orc wizard.

Vanquished Creatures
  Eustachio (D:4)
  2 phantoms
  A centaur (D:6)
  A howler monkey (D:6)
  A hound (D:6)
  A jelly (D:6)
  A bullfrog zombie (D:5)
  2 orc wizards (D:4)
  4 orc priests
  Crazy Yiuf (D:4)
  Terence (D:3)
  3 worker ants (D:4)
  A hound skeleton (D:5)
  4 gnolls (D:6)
  9 adders
  2 oozes
  An adder zombie (D:6)
  An adder skeleton (D:4)
  4 worms
  4 dart slugs
  5 leopard geckos
  26 orcs
  6 giant cockroaches
  6 goblins
  8 hobgoblins
  15 jackals
  6 quokkas
  8 bats
  3 frilled lizards
  7 kobolds
  A leopard gecko skeleton (D:6)
  3 rats
  A butterfly (D:3)
140 creatures vanquished.

Vanquished Creatures (others)
  A quokka (D:5)
1 creature vanquished.

Grand Total: 141 creatures vanquished

Notes
Turn   | Place    | Note
-------+----------+-------------------------------------------
     0 | D:1      | Andrea the Gnoll Skald began the quest for the Orb.
     0 | D:1      | Reached XP level 1. HP: 20/20 MP: 6/6
    93 | D:1      | Reached XP level 2. HP: 25/26 MP: 3/7
    97 | D:1      | Learned a level 2 spell: Shroud of Golubria
   579 | D:1      | Reached XP level 3. HP: 31/31 MP: 6/9
   587 | D:1      | Reached skill level 5 in Spellcasting
   990 | D:2      | Reached skill level 1 in Invocations
  1213 | D:2      | Reached skill level 1 in Short Blades
  1213 | D:2      | Reached skill level 1 in Long Blades
  1213 | D:2      | Reached skill level 1 in Axes
  1213 | D:2      | Reached skill level 1 in Polearms
  1213 | D:2      | Reached skill level 1 in Staves
  1213 | D:2      | Reached skill level 1 in Slings
  1213 | D:2      | Reached skill level 1 in Bows
  1213 | D:2      | Reached skill level 1 in Crossbows
  1213 | D:2      | Reached skill level 1 in Throwing
  1213 | D:2      | Reached skill level 1 in Stealth
  1213 | D:2      | Reached skill level 1 in Shields
  1213 | D:2      | Reached skill level 1 in Unarmed Combat
  1213 | D:2      | Reached skill level 1 in Evocations
  1241 | D:2      | Found a snail-covered altar of Cheibriados.
  1251 | D:2      | Reached XP level 4. HP: 38/38 MP: 8/11
  1257 | D:2      | Became a worshipper of Cheibriados the Contemplative
  1288 | D:2      | Learned a level 2 spell: Song of Slaying
  1292 | D:2      | Learned a level 3 spell: Regeneration
  1834 | D:3      | Found a shimmering altar of Xom.
  1863 | D:3      | Reached skill level 1 in Conjurations
  1863 | D:3      | Reached skill level 1 in Hexes
  1863 | D:3      | Reached skill level 1 in Summonings
  1863 | D:3      | Reached skill level 1 in Necromancy
  1863 | D:3      | Reached skill level 1 in Translocations
  1863 | D:3      | Reached skill level 1 in Transmutations
  1863 | D:3      | Reached skill level 1 in Fire Magic
  1863 | D:3      | Reached skill level 1 in Ice Magic
  1863 | D:3      | Reached skill level 1 in Air Magic
  1863 | D:3      | Reached skill level 1 in Earth Magic
  1863 | D:3      | Reached skill level 1 in Poison Magic
  1944 | D:3      | Reached * piety under Cheibriados
  1989 | D:3      | Reached XP level 5. HP: 32/43 MP: 4/12
  2168 | D:3      | Noticed Terence
  2182 | D:3      | Killed Terence
  2421 | D:3      | Found a radiant altar of Vehumet.
  2517 | D:3      | Reached ** piety under Cheibriados
  2564 | D:4      | Reached XP level 6. HP: 49/50 MP: 8/13
  2609 | D:4      | Noticed Eustachio
  3093 | D:4      | Reached skill level 5 in Fighting
  3093 | D:4      | Reached skill level 5 in Maces & Flails
  3093 | D:4      | Reached skill level 5 in Dodging
  3197 | D:4      | Found a runed translucent door.
  3198 | D:4      | Noticed Crazy Yiuf
  3272 | D:4      | Killed Crazy Yiuf
  3327 | D:4      | Found a staircase to the Ecumenical Temple.
  3474 | D:4      | You fall through a shaft for 2 floors!
  3479 | D:5      | Entered Level 5 of the Dungeon
  3480 | D:5      | Found a sacrificial altar of Ru.
  3644 | D:4      | Killed Eustachio
  3644 | D:4      | Reached XP level 7. HP: 20/56 MP: 2/15
  3921 | D:4      | Reached *** piety under Cheibriados
  3977 | D:5      | Found a white marble altar of Elyvilon.
  4129 | D:5      | Noticed Grinder
  4131 | D:5      | Paralysed by Grinder for 5 turns
  4702 | D:6      | Reached XP level 8. HP: 58/63 MP: 13/16
  5111 | D:6      | Slain by an orc warrior

Skill      XL: |  1  2  3  4  5  6  7  8 |
---------------+-------------------------+-----
Spellcasting   | 5 6 |  6.0
Invocations    | 1 2 3 |  3.5
Short Blades   | 1 2 3 |  3.1
Long Blades    | 1 2 3 |  3.1
Axes           | 1 2 3 |  3.1
Polearms       | 1 2 3 |  3.1
Staves         | 1 2 3 |  3.1
Slings         | 1 2 3 |  3.1
Bows           | 1 2 3 |  3.1
Crossbows      | 1 2 3 |  3.1
Throwing       | 1 2 3 |  3.1
Stealth        | 1 2 3 |  3.1
Shields        | 1 2 3 |  3.1
Unarmed Combat | 1 2 3 |  3.1
Evocations     | 1 2 3 |  3.1
Conjurations   | 1 2 |  2.5
Hexes          | 1 2 |  2.5
Summonings     | 1 2 |  2.5
Necromancy     | 1 2 |  2.5
Translocations | 1 2 |  2.5
Transmutations | 1 2 |  2.5
Fire Magic     | 1 2 |  2.5
Ice Magic      | 1 2 |  2.5
Air Magic      | 1 2 |  2.5
Earth Magic    | 1 2 |  2.5
Poison Magic   | 1 2 |  2.5
Armour         | 3 4 |  4.1
Fighting       | 5 |  5.6
Maces & Flails | 5 |  5.6
Dodging        | 5 |  5.6
Charms         | 6 |  6.1

Action                   |  1- 3 |  4- 6 |  7- 9 || total
-------------------------+-------+-------+-------++-------
Melee: Mace              |    85 |   123 |       ||   208
       Bite              |    10 |    35 |    15 ||    60
       Punch             |       |     1 |     2 ||     3
       Flail             |       |   112 |   102 ||   214
 Cast: Infusion          |    16 |    25 |    10 ||    51
       Shroud of Golubri |     1 |    12 |     4 ||    17
       Song of Slaying   |       |     4 |     2 ||     6
       Regeneration      |       |     1 |     1 ||     2
Invok: Bend Time         |       |       |     1 ||     1
  Use: Scroll            |     2 |     1 |     3 ||     6
       Potion            |       |     1 |       ||     1
 Stab: Sleeping          |     1 |     1 |     1 ||     3
       Distracted        |       |     1 |       ||     1
  Eat: Chunk             |     1 |     6 |     2 ||     9
Armor: Leather armour    |    21 |       |       ||    21
       Ring mail         |     3 |    70 |    32 ||   105
Dodge: Dodged            |    76 |   228 |   130 ||   434
